 Dungeon Crawl Stone Soup version 0.29-a0-82-g837932c90e (webtiles) character file.

Game seed: 3274611059579275740

144 GrayStillPlays the Insei (level 5, 0/40 HPs)
             Began as a Gnoll Transmuter on Feb 4, 2022.
             Slain by Ijyb (4 damage)
             ... on level 4 of the Dungeon.
             The game lasted 00:08:26 (3854 turns).

GrayStillPlays the Insei (Gnoll Transmuter)         Turns: 3854, Time: 00:08:27

Health: 0/40       AC:  9    Str:  9    XL:     5   Next: 26%
Magic:  12/12      EV:  9    Int: 15    God:
Gold:   146        SH:  0    Dex: 12    Spells: 13/14 levels left

rFire   . . .      SeeInvis .   b - +0 morningstar {mace}
rCold   . . .      Faith    .   (no shield)
rNeg    . . .      Spirit   .   j - +3 scale mail {Will+}
rPois   .          Reflect  .   (no helmet)
rElec   .          Harm     .   (no cloak)
rCorr   .          Rampage  .   (no gloves)
Will    +....                   (no boots)
Stlth   ..........              (no amulet)
HPRegen 0.13/turn               (no ring)
MPRegen 0.13/turn               (no ring)

@: no status effects
A: fangs 1, strong nose, distributed training
a: no special abilities


You were on level 4 of the Dungeon.
You visited 1 branch of the dungeon, and saw 4 of its levels.

You collected 146 gold pieces.


Innate Abilities, Weirdness & Mutations

You have very sharp teeth.
Your uncanny sense of smell can sniff out nearby items.
Your experience applies equally to all skills.


   Skills:
 + Level 2.9 Fighting
 + Level 1.4 Short Blades
 + Level 1.4 Long Blades
 + Level 1.4 Axes
 + Level 1.4 Maces & Flails
 + Level 1.4 Polearms
 + Level 1.4 Staves
 + Level 1.4 Slings
 + Level 1.4 Bows
 + Level 1.4 Crossbows
 + Level 1.4 Throwing
 + Level 1.4 Armour
 + Level 4.7 Dodging
 + Level 1.4 Stealth
 + Level 1.4 Shields
 + Level 6.7 Unarmed Combat
 + Level 5.2 Spellcasting
 + Level 1.1 Conjurations
 + Level 1.1 Hexes
 + Level 1.1 Summonings
 + Level 1.1 Necromancy
 + Level 1.1 Translocations
 + Level 3.9 Transmutations
 + Level 1.1 Fire Magic
 + Level 1.1 Ice Magic
 + Level 1.1 Air Magic
 + Level 1.1 Earth Magic
 + Level 1.1 Poison Magic
 + Level 1.6 Invocations
 + Level 1.4 Evocations


You had 13 spell levels left.
You knew the following spells:

 Your Spells              Type           Power      Damage    Failure   Level
a - Beastly Appendage     Tmut           30%        N/A       26%         1

Your spell library contained the following spells:

 Spells                   Type           Power      Damage    Failure   Level
 Wereblood                Tmut           15%        N/A       36%         2
 Animate Skeleton         Necr           14%        N/A       63%         1
 Pain                     Necr           28%        1d5       63%         1
 Shock                    Conj/Air       28%        1d4       63%         1
 Spider Form              Tmut/Pois      11%        N/A       80%         3
 Swiftness                Air            7%         N/A       94%         3
 Vampiric Draining        Necr           7%         2d6       94%         3
 Ice Form                 Ice/Tmut       11%        N/A       99%         4
 Airstrike                Air            3%         N/A       100%        4

Inventory:

Hand Weapons
 b - a +0 morningstar (weapon) {mace}
   (You found it on level 1 of the Dungeon)
 e - a +0 whip of draining {mace}
   (You took it off a kobold on level 1 of the Dungeon)
 l - a +0 short sword {short}
   (You took it off Terence on level 2 of the Dungeon)
Missiles
 d - a poisoned dart (quivered) {throwing}
 m - 6 boomerangs {throwing}
 n - 8 stones {throwing}
Armour
 a - a +0 robe
 c - a +0 chain mail
   (You found it on level 1 of the Dungeon)
 j - a +3 scale mail of willpower (worn)
   (You took it off Terence on level 2 of the Dungeon)
 q - the +1 robe of the Albatross {Will+ MP+9}
   (You found it on level 3 of the Dungeon)

   MP:        It affects your magic capacity (+9).
   Will:      It increases your willpower.
Scrolls
 f - a scroll of magic mapping {unknown}
 g - 4 scrolls of identify {unknown}
 o - a scroll of immolation {unknown}
Potions
 h - a potion of berserk rage {unknown}
 i - a potion of ambrosia {unknown}
 k - a potion of lignification {unknown}
 p - a potion of magic {unknown}

Dungeon Overview and Level Annotations

Branches:
Dungeon (3/15)

Altars:
Zin

Annotations:
D:4 Ijyb

#.........#
..#.........#
#.#..##..#..#
#.#..##(##..#
#.#o..(.....# ##
#.#..##.###.#
.##..###.o#.##.##..#
........g##........
....h..@†o.........
##......######.#...
#....).# .# .#
##.....# # #.....#
###.### #. #.


You could see Ijyb, a hound and 3 orcs.


Message History

You hit Ijyb but do no damage. Ijyb hits you with a +0 club.
The orc closely misses you. 😕 HP[-1]
You take 1 damage, and now have 39/40 hp.
You closely miss Ijyb. Your bite misses Ijyb. Ijyb hits you with a +0 club.
The orc hits you with a +0 club. 😕 HP[-4]
You take 4 damage, and now have 35/40 hp.
You hit Ijyb but do no damage. Ijyb hits you but does no damage.
The orc hits you with a +0 dagger. The orc hits you but does no damage.
Ijyb hits you but does no damage.
The orc hits you but does no damage. x3 😕 HP[-1]
You take 1 damage, and now have 34/40 hp.
You hit Ijyb. Ijyb barely misses you. The orc hits you but does no damage.
The orc hits you with a +0 dagger. The orc closely misses you. 😕 HP[-1]
You take 1 damage, and now have 33/40 hp.
You barely miss Ijyb. Ijyb barely misses you.
The orc hits you but does no damage. x3; Ijyb barely misses you.
The orc hits you but does no damage. The orc barely misses you.
The orc hits you but does no damage. 😕 HP[+1]
You puncture Ijyb! Ijyb hits you with a +0 club. The orc closely misses you.
The orc hits you but does no damage. The orc closely misses you. 😮 HP[-4]
You take 4 damage, and now have 30/40 hp.
You barely miss Ijyb. Ijyb screams, "I dance on your bones!"
Ijyb hits you but does no damage. The orc misses you.
The orc closely misses you. x2; Ijyb hits you but does no damage.
A ball python comes into view.
The orc barely misses you. The orc hits you but does no damage.
You hit Ijyb. The orc hits you but does no damage.
Ijyb screams, "Level is mine!
All mine!"
Ijyb barely misses you. The orc hits you but does no damage.
The orc hits you with a +0 dagger.
The orc hits you with a +0 club. 😮 HP[-5]
You take 5 damage, and now have 25/40 hp.
You closely miss Ijyb. Ijyb completely misses you.
The orc hits you but does no damage. x2; The orc misses you.
You hit Ijyb. Ijyb closely misses you. The orc hits you but does no damage. x2
The orc hits you with a +0 club. Ijyb hits you with a +0 club.
The orc hits you with a +0 dagger.
* * * LOW HITPOINT WARNING * * *
The orc barely misses you.
The orc hits you but does no damage. 😨 HP[-6]
You take 6 damage, and now have 19/40 hp.
You hit Ijyb but do no damage. Ijyb hits you but does no damage.
The orc hits you but does no damage. x2; The orc barely misses you.
You closely miss Ijyb. Ijyb hits you with a +0 club.
* * * LOW HITPOINT WARNING * * *
The orc hits you but does no damage. The orc barely misses you.
The orc hits you but does no damage. Ijyb hits you but does no damage.
The orc hits you with a +0 dagger.
* * * LOW HITPOINT WARNING * * *
The orc hits you but does no damage. x2 😨 HP[-8]
You take 8 damage, and now have 11/40 hp.
You closely miss Ijyb. You bite Ijyb, but do no damage.
Ijyb hits you with a +0 club.
* * * LOW HITPOINT WARNING * * *
The orc hits you but does no damage. The orc closely misses you.
The orc hits you but does no damage. 😱 HP[-2]
You take 2 damage, and now have 9/40 hp.
You barely miss Ijyb. Ijyb hits you but does no damage.
The orc barely misses you. The orc hits you but does no damage.
The orc hits you with a +0 club.
* * * LOW HITPOINT WARNING * * *
Ijyb hits you with a +0 club.
* * * LOW HITPOINT WARNING * * *
😱 HP[-7]
You take 7 damage, and now have 2/40 hp.
The orc throws a boomerang.
The boomerang hits you but does no damage.
The orc closely misses you. 😱 HP[+1]
The ball python closely misses you. x2 😱 HP[+1]
The ball python bites you but does no damage.
The ball python closely misses you.
Ijyb zaps a wand.
You hear a grinding noise. 😱 HP[+1]
A hound comes into view.
The hound barks!
The ball python barely misses you. The ball python grabs you.
The ball python constricts you.
The ball python's grasp on you weakens, but your attempt to escape fails.
The ball python bites you.
* * * LOW HITPOINT WARNING * * *
The ball python constricts you. 😱 HP[-1]
You take 1 damage, and now have 4/40 hp.
You hit the ball python.
You kill the ball python!
You hear the slow hiss of a very distant avalanche of sand.
Ijyb hits you with a +0 club.
You die...

Skill      XL: |  1  2  3  4 |
---------------+-------------+-----
Spellcasting   | 5 |  5.2
Invocations    | 1 |  1.6
Short Blades   | 1 |  1.4
Long Blades    | 1 |  1.4
Axes           | 1 |  1.4
Maces & Flails | 1 |  1.4
Polearms       | 1 |  1.4
Staves         | 1 |  1.4
Slings         | 1 |  1.4
Bows           | 1 |  1.4
Crossbows      | 1 |  1.4
Throwing       | 1 |  1.4
Armour         | 1 |  1.4
Stealth        | 1 |  1.4
Shields        | 1 |  1.4
Evocations     | 1 |  1.4
Conjurations   | 1 |  1.1
Hexes          | 1 |  1.1
Summonings     | 1 |  1.1
Necromancy     | 1 |  1.1
Translocations | 1 |  1.1
Fire Magic     | 1 |  1.1
Ice Magic      | 1 |  1.1
Air Magic      | 1 |  1.1
Earth Magic    | 1 |  1.1
Poison Magic   | 1 |  1.1
Fighting       | |  2.9
Dodging        | |  4.7
Unarmed Combat | |  6.7
Transmutations | |  3.9

Action                   |  1- 3 |  4- 6 || total
-------------------------+-------+-------++-------
Melee: Unarmed           |    17 |       ||    17
       Bite              |    16 |     9 ||    25
       Headbutt          |     3 |       ||     3
       Kick              |     2 |       ||     2
       Morningstar       |   106 |   113 ||   219
       Punch             |     3 |     2 ||     5
Throw: Dart              |       |    18 ||    18
 Cast: Beastly Appendage |     5 |       ||     5
Armor: Robe              |     5 |       ||     5
       Chain mail        |   110 |     5 ||   115
       Scale mail        |       |   109 ||   109
Dodge: Dodged            |    62 |    99 ||   161

Levels and vault maps discovered:
D:1:      minmay_arrival_split_and_join, layout_basic,
          hellmonk_ecumenical_altar_crossroads, serial_forest,
          infiniplex_forest_clump_small, infiniplex_forest_straight_5,
          infiniplex_forest_lined_room_2, infiniplex_forest_corner_1,
          infiniplex_forest_lined_3, infiniplex_forest_straight_3,
          infiniplex_forest_straight_3, infiniplex_forest_clump_curved,
          infiniplex_forest_zigzag_2
D:2:      layout_basic, minmay_pentomino_p4, uniq_terence
D:3:      layout_rooms, mainiacjoe_overflow_alcove_4
D:4:      layout_loops_corners, kennysheep_vampire_church,
          nicolae_ossuary_entry_plus, uniq_ijyb

Notes
Turn   | Place    | Note
-------+----------+-------------------------------------------
     0 | D:1      | GrayStillPlays the Gnoll Transmuter began the quest for the
                  | Orb.
     0 | D:1      | Reached XP level 1. HP: 17/17 MP: 6/6
     0 | D:1      | magus.rc [v1.9.6]
    90 | D:1      | Found a faded altar of an unknown god.
   294 | D:1      | Reached XP level 2. HP: 23/23 MP: 5/7
   478 | D:1      | You pick up a book of Necromancy and begin reading...
   478 | D:1      | You add the spells Pain, Animate Skeleton and Vampiric
                  | Draining to your library.
  1159 | D:2      | Reached XP level 3. HP: 28/28 MP: 9/9
  1177 | D:2      | Reached skill level 5 in Spellcasting
  1330 | D:2      | Reached skill level 1 in Invocations
  1604 | D:2      | Reached skill level 1 in Short Blades
  1604 | D:2      | Reached skill level 1 in Long Blades
  1604 | D:2      | Reached skill level 1 in Axes
  1604 | D:2      | Reached skill level 1 in Maces & Flails
  1604 | D:2      | Reached skill level 1 in Polearms
  1604 | D:2      | Reached skill level 1 in Staves
  1604 | D:2      | Reached skill level 1 in Slings
  1604 | D:2      | Reached skill level 1 in Bows
  1604 | D:2      | Reached skill level 1 in Crossbows
  1604 | D:2      | Reached skill level 1 in Throwing
  1604 | D:2      | Reached skill level 1 in Armour
  1604 | D:2      | Reached skill level 1 in Stealth
  1604 | D:2      | Reached skill level 1 in Shields
  1604 | D:2      | Reached skill level 1 in Evocations
  1610 | D:2      | Reached XP level 4. HP: 32/34 MP: 11/11
  1645 | D:2      | Noticed Terence
  1655 | D:2      | Killed Terence
  1789 | D:2      | Reached skill level 1 in Conjurations
  1789 | D:2      | Reached skill level 1 in Hexes
  1789 | D:2      | Reached skill level 1 in Summonings
  1789 | D:2      | Reached skill level 1 in Necromancy
  1789 | D:2      | Reached skill level 1 in Translocations
  1789 | D:2      | Reached skill level 1 in Fire Magic
  1789 | D:2      | Reached skill level 1 in Ice Magic
  1789 | D:2      | Reached skill level 1 in Air Magic
  1789 | D:2      | Reached skill level 1 in Earth Magic
  1789 | D:2      | Reached skill level 1 in Poison Magic
  1815 | D:2      | HP: 8/34 [gnoll (5)]
  1838 | D:2      | HP: 4/34 [frozen (3)]
  2514 | D:2      | HP: 4/34 [gnoll (12)]
  2526 | D:2      | HP: 3/34 [gnoll (3)]
  2980 | D:2      | Reached XP level 5. HP: 16/40 MP: 12/12
  3623 | D:3      | You pick up a book of Air and begin reading...
  3623 | D:3      | You add the spells Shock, Swiftness and Airstrike to your
                  | library.
  3633 | D:3      | Identified the +1 robe of the Albatross {Will+ MP+9}
  3648 | D:3      | Found a glowing silver altar of Zin.
  3811 | D:3      | You fall into a shaft and drop 1 floor!
  3811 | D:4      | Noticed Ijyb
  3830 | D:4      | HP: 9/40 [Ijyb (2)]
  3831 | D:4      | HP: 2/40 [Ijyb (5)]
  3853 | D:4      | HP: 4/40 [ball python (1)]
  3854 | D:4      | Slain by Ijyb

Vanquished Creatures
  Terence (D:2)
  3 gnolls
  An adder (D:2)
  A worm (D:2)
  5 dart slugs
  3 ball pythons
  10 endoplasms
  2 giant cockroaches (D:1)
  6 goblins
  2 hobgoblins
  4 jackals (D:3)
  2 quokkas
  10 bats
  3 frilled lizards
  6 kobolds
  7 rats
66 creatures vanquished.

Table legend:
 A = Non-vault XP
 B = Vault XP
 C = Vault XP percentage of total XP
 D = Non-vault monster count
 E = Vault monster count
 F = Vault count percentage of total count
                 A         B        C        D         E       F
            +---------+---------+-------+---------+---------+-------
      Total |     157 |      50 |  24.2 |      58 |       8 |  12.1
            +---------+---------+-------+---------+---------+-------
        D:1 |      47 |       0 |   0.0 |      19 |       0 |   0.0
        D:2 |      79 |      50 |  38.8 |      22 |       8 |  26.7
        D:3 |      30 |       0 |   0.0 |      16 |       0 |   0.0
        D:4 |       1 |       0 |   0.0 |       1 |       0 |   0.0
            +---------+---------+-------+---------+---------+-------

Illustrated notes

Table legend:
 A = Kills in this place as a percentage of kills in entire the game.
 B = Kills by you in this place as a percentage of kills by you in the entire game.
 C = Kills by friends in this place as a percentage of kills by friends in the entire game.
 D = Other kills in this place as a percentage of other kills in the entire game.
 E = Experience gained in this place as a percentage of experience gained in the entire game.
 F = Experience gained in this place divided by the number of levels of this place that you have seen.
                   A       B       C       D       E      F
               +-------+-------+-------+-------+-------+----------------------
         Total | 100.0 | 100.0 |   N/A |   N/A | 100.0 |  51.8
       Dungeon | 100.0 | 100.0 |   N/A |   N/A | 100.0 |  51.8
               +-------+-------+-------+-------+-------+----------------------

Table legend: (Time is in decaauts)
 A = Elapsed time spent in this place.
 B = Non-inter-level travel time spent in this place.
 C = Inter-level travel time spent in this place.
 D = Time resting spent in this place.
 E = Time spent auto-exploring this place.
 F = Levels seen in this place.
 G = Mean time per level.
                   A        B        C        D        E       F      G
               +--------+--------+--------+--------+--------+-----+--------+
         Total |   3952 |   3855 |     97 |   1445 |   1445 |   4 |  988.0 |
       Dungeon |   3952 |   3855 |     97 |   1445 |   1445 |   4 |  988.0 |
               +--------+--------+--------+--------+--------+-----+--------+

Top non-repeatable levels by time:
     D:1: 2112 daAuts
     D:2: 1489 daAuts
     D:3: 302 daAuts
     D:4: 48 daAuts
